 Dungeon Crawl Stone Soup version 0.29.0-4-gdea44cf6ec (webtiles) character file.

Game seed: 14962963790012367681

60 qw the Chopper (level 4, 0/26 HPs)
             Began as a Tengu Warper on Aug 28, 2022.
             Slain by an orc
             ... wielding a +0 mace
              (4 damage)
             ... on level 3 of the Dungeon.
             The game lasted 00:00:10 (1707 turns).

qw the Chopper (Tengu Warper)                       Turns: 1707, Time: 00:00:11

Health: 0/26       AC:  3    Str: 13    XL:     4   Next: 4%
Magic:  8/8        EV: 12    Int: 14    God:
Gold:   70         SH:  0    Dex: 19    Spells: 7/7 levels left

rFire   . . .      SeeInvis .   Y - +0 war axe
rCold   . . .      Faith    .   (no shield)
rNeg    . . .      Spirit   .   b - +0 leather armour
rPois   .          Reflect  .   (helmet restricted)
rElec   .          Harm     .   (no cloak)
rCorr   .          Rampage  .   (no gloves)
Will    .....                   (boots unavailable)
Stlth   +.........              (no amulet)
HPRegen 0.08/turn               j - +6 ring of dexterity
MPRegen 0.11/turn               (no ring)

@: no status effects
A: beak, talons 3
a: no special abilities


You were on level 3 of the Dungeon.
You visited 1 branch of the dungeon, and saw 3 of its levels.

You collected 70 gold pieces.


Innate Abilities, Weirdness & Mutations

You have a beak for a mouth.
You have claws for feet.


   Skills:
 - Level 2.0 Fighting
 + Level 4.6 Axes
 - Level 1.0 Throwing
 - Level 1.1 Armour
 - Level 2.1 Dodging
 - Level 2.0 Spellcasting
 - Level 2.4 Translocations


You had 7 spell levels left.
You didn't know any spells.
Your spell library contained the following spells:

 Spells                   Type           Power      Damage    Failure   Level
 Blink                    Tloc           16%        N/A       17%         2
 Gell's Gravitas          Tloc           8%         N/A       34%         3
 Lesser Beckoning         Tloc           8%         N/A       34%         3
 Teleport Other           Tloc           8%         N/A       34%         3
 Manifold Assault         Tloc           8%         N/A       97%         5

Inventory:

Hand Weapons
 f - a +0 whip
 Y - a +0 war axe (weapon)
Armour
 b - a +0 leather armour (worn)
Jewellery
 j - a +6 ring of dexterity (left hand)
Scrolls
 c - a scroll of teleportation
 l - a scroll of identify
Potions
 e - a potion of might {unknown}
 g - a potion of ambrosia {unknown}
 h - a potion of resistance {unknown}
 k - a potion of cancellation {unknown}

Dungeon Overview and Level Annotations

Branches:
Dungeon (3/15)

Altars:


Message History

You hear the sound of rushing water.
There is an entrance to a sewer on this level.
Hurry and find it before the portal rusts away!
The goblin shouts!
The orc priest shouts!
The orc shouts!
Found a scroll of teleportation.
There is a stone staircase leading up here.
There are monsters nearby!
Existing waypoints: (1) D:2 (2) D:1 Assign waypoint to what number? (0-9, D - delete waypoint) Waypoint 2 re-assigned from D:1 to D:3.
1686 ||| PLANNING SEWER;
1686 ||| STAIRDANCE The orc shouts!
The goblin hits you with a +0 club.
You climb upwards.
There is a stone staircase leading down here.
You closely miss the goblin. You peck the goblin.
You kill the goblin!
You start resting.
HP restored.
Done exploring.
(D) Dungeon
Where to? (* - list waypoints, Enter - D:3, ? - help)
What level of the Dungeon? (default 1, ? - help)
You climb downwards.
You hear the sound of rushing water.
There is an entrance to a sewer on this level.
Hurry and find it before the portal rusts away!
The orc hits you with a +0 short sword. The orc priest closely misses you.
The orc hits you with a +0 falchion. The orc hits you with a +0 mace.
There is a stone staircase leading up, spattered with blood here.
You barely miss the orc priest. You claw the orc priest.
The orc priest is moderately wounded.
You hit the orc. x2; You hit the orc but do no damage.
You hit the orc. The orc hits you but does no damage.
The orc hits you with a +0 falchion.
The orc barely misses you. x2; The orc priest hits you with a +0 club.
You hit the orc.
You kill the orc!
You closely miss the orc. You hit the orc but do no damage.
You hit the orc priest. You barely miss the orc.
The orc hits you with a +0 short sword. The orc hits you with a +0 mace.
You die...

#+##
##...##
##.....##
##.......##
#.........#
+.)o......+
#.o@o..?..#
##o......##
##.....##
##...##
#+##


You could see an orc priest and 3 orcs.

Vanquished Creatures
  An adder (D:2)
  A dart slug (D:1)
  An orc (D:3)
  7 bats
  4 endoplasms
  2 giant cockroaches (D:1)
  5 goblins
  3 hobgoblins (D:2)
  2 jackals (D:2)
  5 kobolds
  3 quokkas
  4 ball pythons
  3 frilled lizards
  4 rats
45 creatures vanquished.

Notes
Turn   | Place    | Note
-------+----------+-------------------------------------------
     0 | D:1      | qw the Tengu Warper began the quest for the Orb.
     0 | D:1      | Reached XP level 1. HP: 12/12 MP: 4/4
     0 | D:1      | 0 ||| qw: Version: 0.1-a-89-g26bdef1
     0 | D:1      | 0 ||| qw: Game counter: 2479
     0 | D:1      | 0 ||| qw: Always use a shield: true
     0 | D:1      | 0 ||| qw: God list: Okawaru
     0 | D:1      | 0 ||| qw: Allow faded altars: false
     0 | D:1      | 0 ||| qw: Do Orc after D:15 true
     0 | D:1      | 0 ||| qw: Do second Lair branch before Depths: true
     0 | D:1      | 0 ||| qw: Lair rune preference: random
     0 | D:1      | 0 ||| qw: Plans: Normal
     0 | D:1      | 0 ||| PLANNING D:1-11
    81 | D:1      | Reached XP level 2. HP: 10/17 MP: 6/6
   224 | D:1      | Reached skill level 3 in Axes
   249 | D:1      | Found a faded altar of an unknown god.
   280 | D:1      | 280 ||| Stepping ~*~*~tactically~*~*~ (stealth).
   294 | D:1      | 294 ||| Stepping ~*~*~tactically~*~*~ (stealth).
   816 | D:1      | Reached XP level 3. HP: 21/21 MP: 7/7
   874 | D:1      | 874 ||| READING scroll labelled CAINOL VIFERUE.
   875 | D:1      | 875 ||| DROPPING scroll of blinking.
  1037 | D:2      | Reached skill level 4 in Axes
  1269 | D:2      | 1269 ||| Stepping ~*~*~tactically~*~*~ (stealth).
  1317 | D:2      | 1317 ||| SWAPPING to +0 war axe.
  1318 | D:2      | 1318 ||| DROPPING +0 hand axe.
  1320 | D:2      | 1320 ||| Stepping ~*~*~tactically~*~*~ (stealth).
  1321 | D:2      | 1321 ||| Stepping ~*~*~tactically~*~*~ (stealth).
  1322 | D:2      | 1322 ||| Stepping ~*~*~tactically~*~*~ (stealth).
  1337 | D:2      | 1337 ||| FLEEEEING.
  1341 | D:2      | 1341 ||| FLEEEEING.
  1342 | D:2      | 1342 ||| FLEEEEING.
  1343 | D:2      | 1343 ||| FLEEEEING.
  1402 | D:2      | 1402 ||| Stepping ~*~*~tactically~*~*~ (stealth).
  1403 | D:2      | 1403 ||| Stepping ~*~*~tactically~*~*~ (stealth).
  1411 | D:2      | Reached XP level 4. HP: 25/26 MP: 8/8
  1636 | D:2      | 1636 ||| UPGRADING to +6 ring of dexterity.
  1637 | D:2      | 1637 ||| READING scroll labelled DAIPNO GICH.
  1638 | D:2      | 1638 ||| READING 2 scrolls labelled KONICI REOR.
  1642 | D:2      | 1642 ||| READING scroll labelled ICHIONE MYWADU.
  1686 | D:3      | 1686 ||| PLANNING SEWER
  1686 | D:3      | 1686 ||| STAIRDANCE
  1707 | D:3      | HP: 4/26 [orc/+0 short sword (4)]
  1707 | D:3      | Slain by an orc

Levels and vault maps discovered:
D:1:      dpeg_arrival_rhombi, layout_rooms, ebering_ecumenical_altar_hall
D:2:      layout_loops_ring
D:3:      layout_loops_corners, trog_hazing_becter, portal_sewer_entry_a

Skill      XL: |  1  2  3 |
---------------+----------+-----
Axes           | 3 4 |  4.6
Fighting       | |  2.0
Throwing       | |  1.0
Armour         | |  1.1
Dodging        | |  2.1
Spellcasting   | |  2.0
Translocations | |  2.4

Action                   |  1- 3 |  4- 6 || total
-------------------------+-------+-------++-------
Melee: Hand axe          |    80 |       ||    80
       Kick              |    19 |     2 ||    21
       Peck              |    12 |     1 ||    13
       Punch             |     1 |       ||     1
       War axe           |    13 |     4 ||    17
Throw: Boomerang         |     7 |       ||     7
  Use: Scroll            |     1 |     3 ||     4
 Stab: Sleeping          |     1 |       ||     1
Armor: Leather armour    |    30 |     1 ||    31
Dodge: Dodged            |    50 |     3 ||    53

Table legend:
 A = Non-vault XP
 B = Vault XP
 C = Vault XP percentage of total XP
 D = Non-vault monster count
 E = Vault monster count
 F = Vault count percentage of total count
                 A         B        C        D         E       F
            +---------+---------+-------+---------+---------+-------
      Total |      89 |       0 |   0.0 |      45 |       0 |   0.0
            +---------+---------+-------+---------+---------+-------
        D:1 |      38 |       0 |   0.0 |      23 |       0 |   0.0
        D:2 |      48 |       0 |   0.0 |      21 |       0 |   0.0
        D:3 |       3 |       0 |   0.0 |       1 |       0 |   0.0
            +---------+---------+-------+---------+---------+-------
